 Dungeon Crawl Stone Soup version 0.24.0-123-gd5b16e6ec5 (webtiles) character file.

Game seed: 1260285802319547160, levelgen mode: deterministic

207 Curus the Spear-Bearer (level 5, -9/38 HPs)
             Began as a Merfolk Gladiator on Feb 3, 2020.
             Killed by divine providence
             ... invoked by an orc priest
              (10 damage)
             ... on level 3 of the Dungeon.
             The game lasted 00:08:54 (2525 turns).

Curus the Spear-Bearer (Merfolk Gladiator)          Turns: 2525, Time: 00:08:55

Health: -9/38      AC:  5    Str: 14    XL:     5   Next: 85%
Magic:  5/5        EV: 14    Int:  8    God:
Gold:   107        SH:  0    Dex: 16    Spells: 4/4 levels left

rFire    . . .     SeeInvis +   a - +0 trident
rCold    . . .     Gourm    .   (no shield)
rNeg     . . .     Faith    .   h - +1 leather armour {rPois}
rPois    +         Spirit   .   c - +0 helmet
rElec    .         Reflect  .   (no cloak)
rCorr    .         Harm     .   (no gloves)
MR       .....                  (no boots)
Stlth    +.........             (no amulet)
HPRegen  0.12/turn              l - ring of see invisible
MPRegen  0.09/turn              (no ring)

@: hasted, very quick
A: change form in water, swift swim, stealthy swim
a: no special abilities


You were on level 3 of the Dungeon.
You were not hungry.

You visited 1 branch of the dungeon, and saw 3 of its levels.

You collected 107 gold pieces.

Inventory:

Hand Weapons
 a - a +0 trident (weapon)
Missiles
 d - 3 throwing nets (quivered)
Armour
 b - a +0 leather armour
 c - a +0 helmet (worn)
 h - a +1 leather armour of poison resistance (worn)
Jewellery
 l - a ring of see invisible (left hand)
Scrolls
 e - 2 scrolls of remove curse
 i - a scroll of amnesia
 j - 2 scrolls of identify
Comestibles
 f - 2 rations


   Skills:
 - Level 2.1 Fighting
 + Level 9.1 Polearms
 - Level 2.0 Throwing
 - Level 4.0 Dodging


You had 4 spell levels left.
You didn't know any spells.
Your spell library was empty.

Dungeon Overview and Level Annotations

Branches:
Dungeon (3/15)

Altars:
Cheibriados
Hepliaklqana


Message History

The orc priest is moderately wounded.
The orc priest mumbles some strange prayers to Beogh against you.
Pain shoots through your body! The orc closely misses you.
You barely miss the orc priest.
The orc priest is moderately wounded.
The orc priest hits you but does no damage.
You hit the orc priest.
The orc priest is severely wounded.
The orc priest calls down the wrath of Beogh upon you.
Beogh smites you!
* * * LOW HITPOINT WARNING * * *
The orc barely misses you.
You feel yourself speed up. The orc priest closely misses you.
The orc hits you from afar with a +0 trident.
* * * LOW HITPOINT WARNING * * *
You hit the orc priest.
The orc priest is almost dead.
The orc priest calls down the wrath of Beogh upon you.
Beogh smites you!
You die... (......# )..)...# #..........# .......# #.......... .......# ......... .......# ....... ######## ..... ## ##### ooo

.# #...# #o# .# #<..# #@#
.### #...# #.# ...####...#
#.# (.....#...# #.##
..........# #..#########
..........# ##.#........
.......>..### #.#........
......#.....#####.#........
...........................


You could see 2 orc priests and 2 orcs.

Vanquished Creatures
  An orc priest (D:3)
  An orc wizard (D:3)
  3 gnolls
  4 adders
  An adder zombie (D:3)
  5 worms
  2 leopard geckos
  7 orcs (D:3)
  5 bats
  4 giant cockroaches
  9 goblins
  8 hobgoblins
  A quokka (D:3)
  5 frilled lizards
  2 kobolds (D:3)
  4 rats
62 creatures vanquished.

Notes
Turn   | Place    | Note
-------+----------+-------------------------------------------
     0 | D:1      | Curus the Merfolk Gladiator began the quest for the Orb.
     0 | D:1      | Reached XP level 1. HP: 16/16 MP: 1/1
     2 | D:1      | Noticed a formicid
     4 | D:1      | Noticed an elf
     4 | D:1      | Noticed a draconian
     6 | D:1      | Noticed a felid
     8 | D:1      | Noticed a minotaur
    10 | D:1      | Noticed a ghoul
    12 | D:1      | Noticed a merfolk
    12 | D:1      | Noticed a spriggan
    14 | D:1      | Noticed a vampire
    14 | D:1      | Noticed a vine stalker
    16 | D:1      | Noticed an ogre
    16 | D:1      | Noticed a tengu
    18 | D:1      | Noticed a troll
    18 | D:1      | Noticed a centaur
    20 | D:1      | Noticed a demigod
    20 | D:1      | Noticed a gargoyle
    22 | D:1      | Noticed a halfling
    22 | D:1      | Noticed a dwarf
    24 | D:1      | Noticed a naga
    24 | D:1      | Noticed a human
    26 | D:1      | Noticed an octopode
    26 | D:1      | Noticed a demonspawn
   209 | D:1      | Reached skill level 5 in Polearms
   236 | D:1      | Reached XP level 2. HP: 21/22 MP: 2/2
   238 | D:1      | You fall into a shaft and drop 1 floor!
   352 | D:2      | Reached skill level 6 in Polearms
   352 | D:2      | Reached XP level 3. HP: 22/27 MP: 3/3
  1346 | D:2      | Found a snail-covered altar of Cheibriados.
  1347 | D:2      | Found a hazy altar of Hepliaklqana.
  1730 | D:3      | Reached XP level 4. HP: 33/33 MP: 4/4
  1735 | D:3      | Reached skill level 7 in Polearms
  2080 | D:3      | Reached skill level 8 in Polearms
  2085 | D:3      | Reached XP level 5. HP: 38/38 MP: 5/5
  2200 | D:3      | Reached skill level 9 in Polearms
  2524 | D:3      | HP: 1/38 [orc/+0 trident (4)]
  2525 | D:3      | Killed from afar by an orc priest

Levels and vault maps discovered:
D:1:      kb_arrival_jail, layout_loops_ring
D:2:      layout_basic, gammafunk_temple_overflow_pools
D:3:      layout_rooms, lemuel_doored_altar, minitemple

Skill      XL: |  1  2  3  4  5 |
---------------+----------------+-----
Polearms       | 5 6 8 9 |  9.1
Fighting       | |  2.1
Throwing       | |  2.0
Dodging        | |  4.0

Action                   |  1- 3 |  4- 6 || total
-------------------------+-------+-------++-------
Melee: Trident           |   119 |   110 ||   229
Throw: Throwing net      |       |     1 ||     1
  Use: Scroll            |     7 |       ||     7
       Potion            |     2 |     3 ||     5
 Stab: Sleeping          |     5 |     1 ||     6
  Eat: Chunk             |     3 |     2 ||     5
Armor: Leather armour    |    15 |    22 ||    37
Dodge: Dodged            |    42 |    64 ||   106
